 Dungeon Crawl Stone Soup version 0.22-a0-605-g9281fa2 (console) character file.

17976 vegansnacktivist the Cleaver (level 12, -4/110 HPs)
             Began as a Deep Dwarf Fighter on July 8, 2018.
             Was the Champion of Makhleb.
             Slain by a freezing wraith (18 damage)
             ... led by a death knight
             ... on level 13 of the Dungeon.
             The game lasted 00:17:46 (9505 turns).

vegansnacktivist the Cleaver (Deep Dwarf Fighter)   Turns: 9505, Time: 00:17:47

Health: -4/110     AC: 15    Str: 24    XL:     12   Next: 23%
Magic:  17/17      EV: 10    Int: 10    God:    Makhleb [******]
Gold:   216        SH: 11    Dex: 12    Spells: 11/11 levels left

rFire    + . .     SeeInvis .   a - +1 war axe
rCold    . . .     Gourm    .   c - +0 shield
rNeg     . . .     Faith    +   t - +0 chain mail {rPois}
rPois    +         Spirit   .   (no helmet)
rElec    .         Reflect  .   y - +0 cloak
rCorr    +         Harm     .   m - +1 pair of gloves
MR       +....                  (no boots)
Stlth    ..........             q - amulet of faith
HPRegen  0.00/turn              j - ring of protection from fire
MPRegen  0.15/turn              z - ring of resist corrosion

@: non-regenerating, slowed, very slow
A: damage resistance, heal wounds, sense surroundings 2, no regeneration
a: Heal Wounds, Minor Destruction, Lesser Servant of Makhleb, Major Destruction,
Greater Servant of Makhleb, Renounce Religion


You were on level 13 of the Dungeon.
You worshipped Makhleb.
Makhleb was exalted by your worship.
You were not hungry.

You visited 2 branches of the dungeon, and saw 14 of its levels.

You collected 568 gold pieces.
You spent 352 gold pieces at shops.

Inventory:

Hand Weapons
 a - a +1 war axe (weapon)
Armour
 c - a +0 shield (worn)
 m - a +1 pair of gloves (worn)
 t - a +0 chain mail of poison resistance (worn)
 y - a +0 cloak (worn)
Jewellery
 j - a ring of protection from fire (left hand)
 q - an amulet of faith (around neck)
 z - a ring of resist corrosion (right hand)
 K - a +5 amulet of reflection {unknown}
Wands
 E - a wand of iceblast (3)
 N - a wand of polymorph (6)
 O - a wand of scattershot (3)
Scrolls
 b - a scroll of brand weapon
 e - a scroll of remove curse
 i - 2 scrolls of magic mapping
 k - a scroll of enchant weapon
 l - a scroll of enchant armour
 r - 2 scrolls of identify
 u - a scroll of amnesia {unknown}
 w - 2 scrolls of fog {unknown}
 x - a scroll of random uselessness {unknown}
 B - a scroll of holy word {unknown}
 C - a scroll of teleportation
 I - a scroll of fear {unknown}
 M - a scroll of torment {unknown}
Potions
 d - 3 potions of might
 g - 3 potions of berserk rage
 h - a potion of mutation
 n - 3 potions of curing
 o - 2 potions of cancellation
 p - 3 potions of lignification
 s - 4 potions of degeneration
 v - a potion of ambrosia
 A - a potion of invisibility
 D - a potion of heal wounds
 F - 2 potions of haste {unknown}
 G - a potion of brilliance {unknown}
 H - 2 potions of agility {unknown}
 L - a potion of resistance {unknown}
 Q - 2 potions of flight {unknown}
Miscellaneous
 J - a lightning rod (2/4)
 P - a phial of floods
Comestibles
 f - 25 rations
 R - 3 chunks of flesh


   Skills:
 + Level 7.9 Fighting
 * Level 12.4 Axes
 + Level 9.4 Armour
 + Level 6.0 Dodging
 - Level 8.5 Shields
 * Level 11.1 Invocations


You had 11 spell levels left.
You didn't know any spells.
Your spell library contained the following spells:

 Spells                   Type           Power        Failure   Level  Hunger
 Fireball                 Conj/Fire      #.........   100%        5    ######.
 Apportation              Tloc           #.....       99%         1    ##.....
 Conjure Flame            Conj/Fire      #.......     100%        3    ####...
 Invisibility             Hex            #.......     100%        6    #######
 Throw Flame              Conj/Fire      #.....       100%        2    ###....
 Vampiric Draining        Necr           #.........   100%        3    ####...
 Sticky Flame             Conj/Fire      #.......     100%        4    #####..
 Dispel Undead            Necr           #.......     100%        5    ######.
 Regeneration             Chrm/Necr      #.........   100%        3    ####...
 Tukima's Dance           Hex            #.......     100%        3    ####...
 Corpse Rot               Necr           N/A          100%        2    ###....
 Iron Shot                Conj/Erth      #.........   100%        6    #######
 Flame Tongue             Conj/Fire      #....        99%         1    ##.....
 Summon Butterflies       Summ           #.......     99%         1    ##.....
 Alistair's Intoxication  Tmut/Pois      #.......     100%        5    ######.
 Leda's Liquefaction      Hex/Erth       #.........   100%        4    #####..
 Shroud of Golubria       Chrm/Tloc      #.........   100%        2    ###....
 Inner Flame              Hex/Fire       #.......     100%        3    ####...
 Infusion                 Chrm           #...         99%         1    ##.....
 Song of Slaying          Chrm           #.......     100%        2    ###....
 Spectral Weapon          Hex/Chrm       #.......     100%        3    ####...
 Lesser Beckoning         Tloc           #.........   100%        3    ####...


Dungeon Overview and Level Annotations

Branches:
Dungeon (13/15)            Temple (1/1) D:5            Lair (0/6) D:10
    Orc (0/2) D:10         Vaults (0/5) D:13

Altars:
Ashenzari
Cheibriados
Dithmenos
Elyvilon
Fedhas
Gozag
Hepliaklqana
Kikubaaqudgha
Makhleb
Nemelex Xobeh
Okawaru
Qazlal
Ru
Sif Muna
Trog
Uskayaw
Vehumet
Wu Jian
Xom
Yredelemnul
Zin
The Shining One

Shops:
D:4 [   D:9 =   D:10 ?(::   D:11 [

Annotations:
D:12 2 runed doors, Snicker's ghost, journeyman DsAs


Innate Abilities, Weirdness & Mutations

You are resistant to damage.
You can heal yourself by infusing magical energy.
You passively map the area around you.
You do not regenerate.


Message History

* * * LOW HITPOINT WARNING * * *
The freezing wraith hits you but does no damage.
You hit the freezing wraith but do no damage.
The freezing wraith is almost destroyed.
You block the freezing wraith's attack. The freezing wraith hits you.
* * * LOW HITPOINT WARNING * * *
The freezing wraith drains your vigour!
You feel yourself slow down.
You closely miss the freezing wraith.
The freezing wraith is almost destroyed.
The freezing wraith hits you but does no damage.
You block the freezing wraith's attack. x2
The freezing wraith hits you but does no damage.
You barely miss the freezing wraith.
The freezing wraith is almost destroyed.
You block the freezing wraith's attack.
The freezing wraith hits you but does no damage.
You hit the freezing wraith but do no damage.
The freezing wraith is almost destroyed.
The freezing wraith hits you. The freezing wraith freezes you!!
You die...

, ,, * #.# * *
** * * #.# #.#
* #.# ,, #.# ,
*
#######.#####..
, * *
......WW......#
** #W# ** ** *
####@# , *
#..).# * #.####
### #.# #.# ,,
..# #.# #.# ##
**** #.# #.#
#.# #. #.# #.#
#.# #.
.######.###.#
#.# #.
............#
#.# #.


You could see 2 freezing wraiths and a wraith.

Vanquished Creatures
  6 two-headed ogres
  A death knight (D:13)
  A skeletal warrior (D:13)
  An unseen horror (D:11)
  2 necromancers (D:13)
  A manticore (D:9)
  A gargoyle (D:11)
  A freezing wraith (D:13)
  4 trolls
  A hornet (D:10)
  Sigmund (D:3)
  A hippogriff (D:10)
  7 yaks
  A human (D:10)
  4 hogs (D:10)
  Edmund (D:6)
  An acid dragon (D:12)
  A water moccasin (D:6)
  9 orc warriors
  3 sky beasts
  An ice beast (D:10)
  3 necrophages
  5 ogres
  3 black bears
  2 phantoms (D:9)
  4 centaurs
  2 crocodiles
  4 big kobolds
  9 bullfrogs
  2 gnoll sergeants
  A scorpion (D:5)
  12 killer bees
  3 wights (D:10)
  An electric eel (D:7)
  6 crimson imps
  2 centaur zombies
  5 centaur skeletons
  A quasit (D:9)
  A bullfrog zombie (D:7)
  3 jellies
  9 orc wizards
  3 iguanas
  Crazy Yiuf (D:6)
  3 bullfrog skeletons
  8 hounds
  9 orc priests
  Jessica (D:2)
  Natasha (D:3)
  Terence (D:3)
  8 worker ants
  2 killer bee zombies
  2 hound zombies
  3 hound skeletons
  32 gnolls
  10 adders
  2 shadow imps
  3 oozes
  An adder zombie (D:8)
  2 adder skeletons
  7 worms
  2 dart slugs
  7 leopard geckos
  51 orcs
  4 giant cockroaches
  9 goblins
  6 hobgoblins
  11 jackals
  3 quokkas
  A ball python (D:1)
  7 bats
  10 frilled lizards
  A jackal zombie (D:6)
  17 kobolds
  A leopard gecko skeleton (D:6)
  2 leopard gecko zombies (D:5)
  10 rats
368 creatures vanquished.

Notes
Turn   | Place    | Note
-------+----------+-------------------------------------------
     0 | D:1      | vegansnacktivist the Deep Dwarf Fighter began the quest for the Orb.
     0 | D:1      | Reached XP level 1. HP: 20/20 MP: 1/1
   103 | D:1      | Reached XP level 2. HP: 22/27 MP: 2/2
   383 | D:1      | Reached skill level 3 in Axes
   530 | D:1      | Reached XP level 3. HP: 20/33 MP: 3/3
   999 | D:2      | Found an opulent altar of Gozag.
  1059 | D:2      | Found a sparkling altar of Nemelex Xobeh.
  1069 | D:2      | Found a bloodstained altar of Trog.
  1069 | D:2      | Found an ancient bone altar of Kikubaaqudgha.
  1069 | D:2      | Found a glowing silver altar of Zin.
  1070 | D:2      | Found an ornate altar of the Wu Jian Council.
  1078 | D:2      | Found a basalt altar of Yredelemnul.
  1079 | D:2      | Found a hide-covered altar of Uskayaw.
  1080 | D:2      | Found an iron altar of Okawaru.
  1141 | D:2      | Noticed Jessica
  1146 | D:2      | Killed Jessica
  1146 | D:2      | Reached XP level 4. HP: 16/42 MP: 4/4
  1338 | D:3      | Noticed Sigmund
  1352 | D:3      | Killed Sigmund
  1352 | D:3      | Reached skill level 4 in Axes
  1352 | D:3      | Reached XP level 5. HP: 16/49 MP: 5/5
  1368 | D:3      | Reached XP level 6. HP: 18/57 MP: 6/6
  1482 | D:3      | Noticed Natasha
  1502 | D:3      | Killed Natasha
  1516 | D:3      | Noticed Terence
  1526 | D:3      | Killed Terence
  1567 | D:3      | Reached skill level 5 in Axes
  2244 | D:4      | Reached XP level 7. HP: 18/62 MP: 6/6
  2504 | D:4      | Reached skill level 5 in Armour
  2504 | D:4      | Reached skill level 5 in Shields
  2547 | D:4      | Reached skill level 6 in Axes
  2571 | D:4      | Found Lesixait's Antique Armour Shoppe.
  2623 | D:4      | Identified Sif Muna's Compendium of Evil Rites and Earth
  2807 | D:5      | Entered Level 5 of the Dungeon
  3091 | D:5      | Reached XP level 8. HP: 46/73 MP: 7/7
  3320 | D:5      | Found a staircase to the Ecumenical Temple.
  3369 | Temple   | Entered the Ecumenical Temple
  3440 | Temple   | Became a worshipper of Makhleb the Destroyer
  3523 | D:5      | Reached skill level 7 in Axes
  3950 | D:6      | Reached * piety under Makhleb
  3962 | D:6      | Reached skill level 5 in Fighting
  4114 | D:6      | Found a runed door.
  4156 | D:6      | Noticed Edmund
  4170 | D:6      | Killed Edmund
  4188 | D:6      | Reached skill level 8 in Axes
  4299 | D:6      | Reached skill level 1 in Invocations
  4299 | D:6      | Gained mutation: You passively map the area around you. [Deep Dwarf growth]
  4299 | D:6      | Reached XP level 9. HP: 40/81 MP: 8/8
  4544 | D:6      | Noticed Crazy Yiuf
  4550 | D:6      | Killed Crazy Yiuf
  4651 | D:7      | Reached ** piety under Makhleb
  4674 | D:7      | Found a snail-covered altar of Cheibriados.
  5227 | D:7      | Reached skill level 9 in Axes
  5405 | D:8      | Found a bloodstained altar of Trog.
  5684 | D:8      | Reached *** piety under Makhleb
  5684 | D:8      | Reached skill level 5 in Invocations
  5726 | D:8      | Noticed a two-headed ogre
  5752 | D:8      | Killed a two-headed ogre
  5752 | D:8      | Reached skill level 1 in Dodging
  5752 | D:8      | Reached XP level 10. HP: 68/91 MP: 10/12
  5838 | D:8      | Noticed a two-headed ogre
  5849 | D:8      | Killed a two-headed ogre
  6001 | D:9      | Reached skill level 10 in Axes
  6087 | D:9      | Found Aleed's Jewellery Shop.
  6294 | D:9      | Reached **** piety under Makhleb
  6315 | D:9      | Noticed a two-headed ogre
  6330 | D:9      | Killed a two-headed ogre
  6474 | D:9      | Noticed a manticore
  6483 | D:9      | Killed a manticore
  6819 | D:10     | Entered Level 10 of the Dungeon
  6834 | D:10     | Found Jiggiopi's Book Shop.
  6923 | D:10     | Found Peudafas's Antique Weapon Shop.
  6976 | D:10     | Reached XP level 11. HP: 53/99 MP: 15/15
  7210 | D:10     | Found a staircase to the Orcish Mines.
  7222 | D:10     | Reached ***** piety under Makhleb
  7233 | D:10     | Reached skill level 11 in Axes
  7492 | D:10     | Found a staircase to the Lair.
  7597 | D:10     | Found Kiarph Cenee's Magic Scroll Boutique.
  7614 | D:10     | Bought a scroll of brand weapon for 300 gold pieces
  7614 | D:10     | Bought a scroll of magic mapping for 52 gold pieces
  7694 | D:10     | Found Qunun's Book Shoppe.
  7917 | D:11     | Killed an unseen horror
  8120 | D:11     | Found a hazy altar of Hepliaklqana.
  8244 | D:11     | Noticed a two-headed ogre
  8248 | D:11     | Killed a two-headed ogre
  8249 | D:11     | Found Nuvat's Antique Armour Shoppe.
  8448 | D:11     | Reached skill level 5 in Dodging
  8457 | D:11     | Reached skill level 10 in Invocations
  8777 | D:12     | Found a large runed door.
  8778 | D:12     | Found a large runed door.
  8781 | D:12     | Noticed Snicker's ghost (journeyman DsAs)
  9213 | D:13     | Noticed a skeletal warrior
  9213 | D:13     | Noticed a skeletal warrior
  9213 | D:13     | Noticed a skeletal warrior
  9264 | D:13     | Noticed a necromancer
  9264 | D:13     | Noticed a two-headed ogre
  9264 | D:13     | Noticed a two-headed ogre
  9267 | D:13     | Killed a necromancer
  9268 | D:13     | Noticed a necromancer
  9270 | D:13     | Killed a two-headed ogre
  9270 | D:13     | Reached skill level 12 in Axes
  9279 | D:13     | Killed a two-headed ogre
  9279 | D:13     | Reached XP level 12. HP: 103/110 MP: 16/16
  9330 | D:13     | Found a gate to the Vaults.
  9350 | D:13     | Reached ****** piety under Makhleb
  9454 | D:13     | Noticed a death knight
  9483 | D:13     | Killed a death knight
  9505 | D:13     | Slain by a freezing wraith

Vault maps used:
D:1:      scummos_arrival_star
D:2:      minitemple, nicolae_gozag_cash_rules_everything_around_me,
          uniq_jessica
D:3:      kennysheep_generic_room_7, uniq_terence, uniq_sigmund, uniq_natasha
D:4:      first_ration, serial_shops, shop
D:5:      minmay_temple_entry_purple_smoke, kennysheep_generic_room_16
D:6:      serial_curves, eino_curves_03, eino_curves_04, eino_curves_03,
          eino_curves_03, uniq_edmund, uniq_crazy_yiuf_cottage
D:7:      cheibrodos_helix_gallery, kennysheep_little_box
D:8:      trog_ov_bears_minmay
D:9:      serial_shops, shop
D:10:     lair_entry_dummy, kennysheep_orc_monster_closet_entryway,
          serial_shops, shop_statue, nicolae_shop_window_shopping, shop,
          nicolae_shop_trees, grunt_livestock
D:11:     basic_altar, serial_shops, nicolae_shop_waterfront
D:12:     ebering_ghost_disaster_area
D:13:     minmay_glassy_protrusions, david_vaults_1
Temple:   cyrus_circular_temple

Skill      XL: |  1  2  3  4  5  6  7  8  9 10 11 12 |
---------------+-------------------------------------+-----
Axes           | 3 4 5 6 8 9 10 12 | 12.4
Fighting       | 3 4 5 6 7 |  7.9
Armour         | 4 5 6 7 8 9 |  9.4
Shields        | 4 5 6 7 8 |  8.5
Invocations    | 1 5 8 10 11 | 11.1
Dodging        | 1 3 5 6 |  6.0

Action                   |  1- 3 |  4- 6 |  7- 9 | 10-12 || total
-------------------------+-------+-------+-------+-------++-------
Melee: War axe           |   118 |   157 |   517 |   805 ||  1597
Throw: Throwing net      |       |       |     3 |     5 ||     8
 Abil: Heal Wounds       |       |     4 |    11 |    14 ||    29
Evoke: Wand              |       |       |       |    12 ||    12
       Lightning rod     |       |       |       |     5 ||     5
  Use: Scroll            |       |     1 |       |    10 ||    11
 Stab: Held in net/web   |       |       |     2 |       ||     2
  Eat: Chunk             |     1 |     4 |    11 |    15 ||    31
Armor: Scale mail        |    63 |    37 |       |       ||   100
       Chain mail        |       |    40 |   288 |   330 ||   658
Dodge: Dodged            |    43 |    44 |   134 |   217 ||   438
Block: Shield            |    63 |    86 |   290 |   492 ||   931

Table legend:
 A = Spawn XP
 B = Non-spawn XP
 C = Spawn XP percentage of total XP
 D = Spawn monster count
 E = Non-spawn monster count
 F = Spawn count percentage of total count
 G = Total turns spent on level
                    A         B        C        D         E        F      G
               +---------+---------+-------+---------+---------+-------+---------
         Total |       0 |   25680 |   0.0 |       0 |     368 |   0.0 |  9505
               +---------+---------+-------+---------+---------+-------+---------
           D:1 |       0 |      41 |   0.0 |       0 |      26 |   0.0 |   629
           D:2 |       0 |      80 |   0.0 |       0 |      14 |   0.0 |   686
           D:3 |       0 |     417 |   0.0 |       0 |      32 |   0.0 |   817
           D:4 |       0 |     488 |   0.0 |       0 |      27 |   0.0 |   675
           D:5 |       0 |     770 |   0.0 |       0 |      39 |   0.0 |  1028
           D:6 |       0 |    1158 |   0.0 |       0 |      23 |   0.0 |   682
           D:7 |       0 |     956 |   0.0 |       0 |      28 |   0.0 |   768
           D:8 |       0 |    2852 |   0.0 |       0 |      14 |   0.0 |   620
           D:9 |       0 |    2844 |   0.0 |       0 |      40 |   0.0 |   829
          D:10 |       0 |    5312 |   0.0 |       0 |      63 |   0.0 |   963
          D:11 |       0 |    3522 |   0.0 |       0 |      28 |   0.0 |   890
          D:12 |       0 |    1058 |   0.0 |       0 |      18 |   0.0 |   570
          D:13 |       0 |    6182 |   0.0 |       0 |      16 |   0.0 |   263
               +---------+---------+-------+---------+---------+-------+---------
